Map: [ESL] Waterfall

Players

Reynor - Winner!

  • Race: Zerg Zerg
  • League: Master
  • Spawn Location: 7:00

Serral

  • Race: Zerg Zerg
  • League: Master
  • Spawn Location: 1:00

VOD

Have the link to the VOD?

Description

Time

  • Played on: Oct. 19, 2022, 3:10 p.m.
  • Length: 9:32
Show
View Real Time Build Order
Export as new Build Order

Reynor Zerg - Winner!

Build Orders: Pool First 

Get SALT Encoding   

  12  0:00  Drone  
  13  0:11  Overlord  
  13  0:16  Drone  
  14  0:30  Drone x2  
  16  0:40  Spawning Pool  
  15  0:44  Drone  
  15  0:47  Drone  
  17  1:08  Hatchery  
  17  1:11  Extractor  
  15  1:13  Drone  
  16  1:26  Zergling x2  
  16  1:27  Zergling x4  
  19  1:36  Queen  
  19  1:38  Zergling x2  
  22  1:48  Extractor  
  22  1:49  Zergling x2  
  22  2:00  Overlord  
  22  2:12  Metabolic Boost  
  22  2:18  Queen  
  22  2:19  Zergling x2  
  22  2:22  Zergling x4  
  27  2:30  Drone  
  27  2:31  Drone  
  29  2:41  Drone  
  29  2:43  Drone  
  31  2:46  Drone x2  
  31  2:48  Overlord  
  33  2:52  Zergling x2  
  33  2:57  Zergling x2  
  35  3:03  Zergling x2  
  36  3:07  Zergling x2  
  39  3:13  Overlord  
  39  3:17  Zergling x4  
  41  3:20  Zergling x2  
  41  3:23  Zergling x2  
  44  3:27  Zergling x2  
  44  3:30  Zergling x4, Overlord  
  44  3:33  Drone  
  45  3:36  Drone  
  46  3:44  Drone  
  47  3:51  Drone, Hatchery  
  47  3:54  Drone  
  47  3:56  Drone  
  47  3:58  Drone  
  47  4:02  Drone  
  48  4:07  Zergling x6  
  48  4:09  Zergling x2  
  48  4:15  Zergling x2  
  44  4:19  Zergling x2  
  45  4:24  Zergling x4  
  45  4:25  Zergling x2, Queen  
  45  4:31  Zergling x4  
  52  4:37  Overlord  
  52  4:41  Zergling x2  
  52  4:43  Zergling x6  
  56  4:50  Baneling Nest  
  56  4:52  Zergling x2  
  56  4:54  Zergling x2  
  56  4:59  Zergling x2  
  58  5:00  Queen  
  59  5:07  Zergling x4  
  59  5:11  Zergling x8  
  64  5:18  Drone x2  
  66  5:21  Overlord  
  66  5:25  Drone  
  66  5:28  Drone  
  68  5:32  Overlord  
  68  5:34  Baneling x5  
  68  5:36  Drone  
  68  5:38  Drone  
  68  5:42  Drone x3  
  73  5:46  Overlord  
  73  5:49  Drone x2  
  74  5:52  Zergling x4  
  67  5:58  Drone  
  67  5:59  Roach Warren  
  67  6:02  Extractor  
  61  6:04  Zergling x6  
  61  6:07  Drone  
  61  6:08  Drone  
  61  6:10  Baneling x2  
  64  6:13  Zergling x4  
  66  6:21  Overlord  
  66  6:24  Drone x2  
  61  6:35  Overlord  
  61  6:36  Baneling  
  61  6:37  Baneling  
  59  6:40  Zergling x14  
  59  6:41  Zergling x8  
  59  6:44  Zergling x4  
  71  6:52  Roach x4  
  78  6:58  Roach  
  78  6:59  Roach x2  
  81  7:01  Roach  
  81  7:02  Zergling x2  
  81  7:04  Baneling x2  
  80  7:13  Zergling x6, Roach x2  
  87  7:19  Overlord  
  87  7:21  Zergling x2  
  87  7:22  Zergling x6  
  91  7:25  Baneling x2  
  91  7:27  Zergling x6  
  94  7:31  Baneling x2  
  94  7:35  Zergling x2  
  94  7:36  Zergling x8  
  99  7:37  Baneling  
  99  7:40  Zergling x4  
  101  7:44  Baneling  
  101  7:48  Baneling  
  97  7:51  Drone  
  97  7:52  Drone x4  
  97  7:55  Drone x3  
  104  8:04  Drone x2  
  104  8:05  Drone  
  104  8:10  Lair  
  104  8:11  Drone x3  
  104  8:12  Evolution Chamber  
  87  8:20  Drone x2  
  87  8:21  Drone x2  
  87  8:24  Roach x2  
  87  8:25  Roach x2, Extractor x2  
  93  8:27  Roach  
  93  8:33  Roach  
  94  8:36  Roach  
  94  8:42  Hatchery, Roach  
  94  8:47  Roach  
  91  8:52  Roach  
  91  8:53  Roach  
  91  8:54  Drone x3  
  91  8:55  Zergling x12  
  97  8:58  Roach  
  99  9:06  Roach  
  99  9:08  Roach  
  103  9:11  Zergling x6, Overlord  
Show
View Real Time Build Order
Export as new Build Order

Serral Zerg 

Build Orders: Pool First 

Get SALT Encoding   

  12  0:16  Spawning Pool  
  11  0:22  Drone  
  11  0:26  Drone  
  13  0:30  Drone  
  14  0:39  Overlord  
  14  1:03  Zergling x4  
  16  1:05  Zergling x2  
  17  1:15  Zergling x2  
  18  1:18  Hatchery  
  17  1:26  Zergling x2  
  18  1:33  Queen  
  18  1:38  Drone  
  21  1:47  Overlord  
  21  2:00  Drone  
  22  2:09  Queen  
  22  2:10  Drone  
  25  2:21  Drone  
  26  2:29  Extractor  
  25  2:30  Drone x2  
  25  2:31  Queen  
  29  2:41  Drone x2  
  29  2:42  Drone  
  32  2:45  Overlord  
  32  2:48  Drone  
  33  2:53  Drone  
  33  2:55  Drone  
  35  3:05  Drone x2  
  36  3:14  Drone  
  36  3:18  Overlord  
  36  3:19  Drone x2  
  40  3:20  Drone  
  40  3:24  Drone  
  41  3:28  Evolution Chamber  
  41  3:30  Drone  
  41  3:33  Metabolic Boost  
  41  3:34  Drone  
  42  3:43  Evolution Chamber  
  42  3:45  Evolution Chamber  
  42  3:46  Zergling x2  
  41  3:50  Evolution Chamber  
  40  3:57  Evolution Chamber  
  40  3:58  Zergling x8  
  40  4:02  Zergling x2  
  44  4:06  Zergling x2  
  44  4:07  Zergling x4  
  44  4:09  Zergling x2  
  43  4:12  Zergling x2  
  36  4:17  Zergling x2  
  36  4:22  Queen  
  38  4:32  Baneling Nest  
  38  4:35  Zerg Melee Weapons Level 1  
  37  4:50  Drone x5  
  42  4:56  Zergling x2  
  42  4:57  Evolution Chamber  
  42  4:58  Evolution Chamber  
  41  5:01  Zergling x2  
  42  5:10  Evolution Chamber x2  
  40  5:15  Evolution Chamber  
  40  5:16  Baneling  
  40  5:17  Baneling  
  40  5:20  Baneling x2  
  39  5:22  Evolution Chamber  
  39  5:24  Zergling x2  
  43  5:30  Drone x5  
  43  5:31  Baneling  
  43  5:33  Baneling  
  49  5:39  Zergling x6  
  52  5:44  Overlord  
  52  5:48  Overlord  
  51  5:52  Overlord  
  48  6:05  Hatchery  
  48  6:10  Baneling x2, Queen  
  49  6:12  Queen  
  49  6:14  Baneling  
  49  6:15  Baneling x2  
  51  6:21  Zergling x6  
  53  6:26  Drone x2  
  53  6:32  Baneling  
  52  6:35  Zergling x4  
  52  6:36  Baneling  
  53  6:42  Baneling  
  53  6:44  Drone  
  53  6:45  Drone x2  
  56  6:47  Drone x2, Roach Warren  
  56  6:54  Overlord  
  56  6:56  Extractor  
  56  6:57  Extractor  
  56  7:00  Drone x3  
  54  7:03  Zergling x4  
  54  7:12  Zergling x2  
  54  7:13  Drone  
  54  7:14  Drone  
  57  7:20  Drone x2  
  57  7:22  Baneling  
  58  7:26  Drone  
  58  7:27  Roach  
  58  7:28  Roach x3  
  67  7:35  Roach x2  
  71  7:40  Baneling x2  
  71  7:43  Roach  
  72  7:47  Zergling x4, Roach x2  
  72  7:49  Baneling  
  76  8:00  Roach x3  
  77  8:09  Roach  
  74  8:14  Queen x2  
  74  8:15  Roach x2  
  73  8:22  Roach  
  73  8:27  Roach  
  65  8:34  Roach x2  
  65  8:35  Ravager  
  65  8:36  Zergling x2  
  71  8:41  Zergling x4  
  63  8:49  Queen  
  66  8:55  Ravager x3  
  66  8:56  Zergling x6  
  66  9:01  Zergling x2  
  66  9:02  Hatchery  
  69  9:05  Drone  
  69  9:08  Zergling x2  
Tags
 
Add a new tag
Caveats
  • Supply blocks, unpowered buildings, or Contaminate may cause inaccurate times.
  • Supply counts are checked every 10 seconds.